 Dungeon Crawl Stone Soup version 0.27.0-66-gdc8fb28755 (webtiles) character file.

Game seed: 12040947008959806809

254 Kinoniko the Ruffian (level 5, 0/50 HPs)
             Began as a Troll Monk on Aug 20, 2021.
             Slain by an orc priest (7 damage)
             ... on level 3 of the Dungeon.
             The game lasted 00:02:26 (1548 turns).

Kinoniko the Ruffian (Troll Monk)                   Turns: 1548, Time: 00:02:27

Health: 0/50       AC:  5    Str: 19      XL:     5   Next: 90%
Magic:  4/4        EV: 10    Int:  6      God:
Gold:   67         SH:  0    Dex: 11 (13) Spells: 4/4 levels left

rFire    . . .     SeeInvis .     - Unarmed
rCold    . . .     Faith    .   (no shield)
rNeg     . . .     Spirit   .   b - +0 robe
rPois    .         Reflect  .   (helmet restricted)
rElec    .         Harm     .   f - +0 cloak
rCorr    .         Rampage  .   (gloves unavailable)
Will     .....                  (boots unavailable)
Stlth    +.........             (no amulet)
HPRegen  1.16/turn              (no ring)
MPRegen  0.09/turn              (no ring)

@: mighty
A: large, unfitting armour, claws 3, regeneration 1, shaggy fur 1, tough skin 1
a: no special abilities


You were on level 3 of the Dungeon.
You visited 1 branch of the dungeon, and saw 3 of its levels.

You collected 67 gold pieces.

Inventory:

Armour
 b - a +0 robe (worn)
 f - a +0 cloak (worn)
Wands
 j - a wand of digging (4)
Scrolls
 a - a scroll of teleportation {unknown}
 d - a scroll of identify {unknown}
 g - a scroll of summoning {unknown}
Potions
 c - a potion of flight {unknown}
 e - a potion of mutation {unknown}
 h - a potion of curing {unknown}
 i - a potion of might


   Skills:
 - Level 2.4 Fighting
 - Level 2.6 Maces & Flails
 + Level 3.7 Dodging
 - Level 1.0 Stealth
 * Level 4.7 Unarmed Combat


You had 4 spell levels left.
You didn't know any spells.
Your spell library contained the following spells:

 Spells                   Type           Power      Damage    Failure   Level
 Summon Small Mammal      Summ           0%         N/A       45%         1
 Summon Guardian Golem    Hex/Summ       0%         N/A       83%         3
 Orb of Destruction       Conj           0%         N/A       100%        7
 Spellforged Servitor     Conj/Summ      0%         N/A       100%        7


Dungeon Overview and Level Annotations

Branches:
Dungeon (3/15)

Altars:


Innate Abilities, Weirdness & Mutations

You are too large for most types of armour.
You have claws for hands.
Your natural rate of healing is unusually fast.
You are covered in fur. (AC +1)
You have tough skin. (AC +1)


Message History

You scratch the orc priest.
The orc priest is almost dead.
The orc priest calls down the wrath of Beogh upon you.
Beogh smites you! The orc priest barely misses you.
You claw the orc priest!
You kill the orc priest!
The orc priest hits you but does no damage.
You feel your intelligence returning.
You barely miss the orc priest.
The orc priest invokes the aid of Beogh against you.
Beogh smites you!
* * * LOW HITPOINT WARNING * * *
The orc priest hits you from afar with a +0 trident.
* * * LOW HITPOINT WARNING * * *
You are too injured to fight recklessly!
You are too injured to fight recklessly!
You are too injured to fight recklessly!
You are too injured to fight recklessly!
You are too injured to fight recklessly!
Unknown command.
Sorry, you're not good enough to have a special ability.
It was a potion of might.
You feel very mighty all of a sudden. The orc priest closely misses you.
The orc priest barely misses you.
You scratch the orc priest.
The orc priest is moderately wounded.
The orc priest calls down the wrath of Beogh upon you.
Pain shoots through your body!
* * * LOW HITPOINT WARNING * * *
The orc priest hits you but does no damage.
You scratch the orc priest.
The orc priest is heavily wounded.
The orc priest barely misses you. x2
Unknown command.
You scratch the orc priest but do no damage.
The orc priest is heavily wounded.
The orc priest hits you with a +0 mace.
* * * LOW HITPOINT WARNING * * *
The orc priest hits you from afar with a +0 trident!
You die... #.......## #........ #.......# ....... ..... .wo

#o# #@# #.# .# ..
#.# .###.### #.#
#.#...#.. #.#
#........ #.######
#.......(
#...>..###........
######............
####.#.......


You could see a worm and 2 orc priests.

Vanquished Creatures
  An orc priest (D:3)
  Ijyb (D:3)
  Natasha (twice) (D:3)
  An iguana (D:2)
  Robin (D:2)
  4 adders
  A worm (D:2)
  5 orcs
  7 ball pythons
  6 endoplasms
  4 giant cockroaches (D:1)
  11 goblins
  5 hobgoblins (D:2)
  4 jackals
  2 kobolds
  3 quokkas
  5 bats
  2 frilled lizards
  2 rats
67 creatures vanquished.

Notes
Turn   | Place    | Note
-------+----------+-------------------------------------------
     0 | D:1      | Kinoniko the Troll Monk began the quest for the Orb.
     0 | D:1      | Reached XP level 1. HP: 22/22 MP: 0/0
    28 | D:1      | Found a faded altar of an unknown god.
    38 | D:1      | Got Plato's Compendium of Calling
   101 | D:1      | Reached skill level 1 in Unarmed Combat
   137 | D:1      | Reached XP level 2. HP: 29/29 MP: 1/1
   437 | D:1      | Reached skill level 2 in Unarmed Combat
   719 | D:2      | Reached XP level 3. HP: 24/36 MP: 2/2
   998 | D:2      | Noticed Robin
  1017 | D:2      | Killed Robin
  1021 | D:2      | Reached skill level 3 in Unarmed Combat
  1021 | D:2      | Reached XP level 4. HP: 22/44 MP: 3/3
  1393 | D:3      | Noticed Natasha
  1400 | D:3      | Killed Natasha
  1401 | D:3      | Reached XP level 5. HP: 44/50 MP: 4/4
  1407 | D:3      | Noticed Natasha
  1409 | D:3      | Reached skill level 4 in Unarmed Combat
  1422 | D:3      | Killed Natasha
  1465 | D:3      | Noticed Ijyb
  1474 | D:3      | Killed Ijyb
  1548 | D:3      | Slain by an orc priest

Illustrated notes

Levels and vault maps discovered:
D:1:      dpeg_arrival_boxes_within_box, layout_basic,
          shapermc_ecumenical_altar_rom_forum, minmay_hexomino_p4
D:2:      layout_loops_ring, feat_on_display, uniq_robin
D:3:      layout_rooms, uniq_ijyb, uniq_crazy_yiuf_cottage, uniq_natasha

Skill      XL: |  1  2  3  4  5 |
---------------+----------------+-----
Unarmed Combat | 1 2 3 4 |  4.7
Dodging        | 3 |  3.7
Fighting       | |  2.4
Maces & Flails | |  2.6
Stealth        | |  1.0

Action                   |  1- 3 |  4- 6 || total
-------------------------+-------+-------++-------
Melee: Unarmed           |    98 |   108 ||   206
  Use: Potion            |     2 |     1 ||     3
 Stab: Sleeping          |     3 |       ||     3
Armor: Robe              |    41 |    65 ||   106
Dodge: Dodged            |    45 |    94 ||   139
